 Dungeon Crawl Stone Soup version 0.24.0-125-gc4c63601f3 (webtiles) character file.

Game seed: 12977647992329559612, levelgen mode: deterministic

4270 MisterOstroum the Fighter (level 10, -7/139 HPs)
             Began as a Green Draconian Berserker on Mar 10, 2020.
             Was an Elder of Trog.
             Mangled by a hornet zombie (12 damage)
             ... on level 7 of the Dungeon.
             The game lasted 00:10:27 (7927 turns).

MisterOstroum the Fighter (DrBe)                    Turns: 7927, Time: 00:10:27

Health: -7/139     AC:  7    Str: 27    XL:     10   Next: 10%
Magic:  10/10      EV: 18    Int:  9    God:    Trog [****..]
Gold:   29         SH:  0    Dex: 10    Spells: 9/9 levels left

rFire    . . .     SeeInvis .   a - +0 hand axe
rCold    . . .     Gourm    .   (no shield)
rNeg     + . .     Faith    .   (armour unavailable)
rPois    +         Spirit   .   (helmet restricted)
rElec    .         Reflect  .   (no cloak)
rCorr    .         Harm     .   (no gloves)
MR       .....                  (no boots)
Stlth    ..........             I - amulet of the acrobat
HPRegen  0.33/turn              F - +4 ring of evasion
MPRegen  0.12/turn              s - ring of positive energy

@: berserking, very quick
A: breathe noxious fumes, unfitting armour, poison resistance, cold-blooded, AC
+7
a: Breathe Noxious Fumes, Berserk, Trog's Hand, Brothers in Arms, Renounce
Religion


You were on level 7 of the Dungeon.
You worshipped Trog.
Trog was greatly pleased with you.
You were hungry.

You visited 1 branch of the dungeon, and saw 8 of its levels.

You collected 233 gold pieces.
You spent 204 gold pieces at shops.

Inventory:

Hand Weapons
 a - a +0 hand axe (weapon)
 b - a +0 shortbow of flaming
 D - a cursed -2 broad axe
Missiles
 d - 135 stones (quivered)
 f - 6 curare-tipped darts
 i - 77 bolts
 j - 60 sling bullets
 l - 89 arrows
Armour
 y - a +0 large shield
Jewellery
 s - a ring of positive energy (right hand)
 w - an uncursed ring of see invisible
 F - a +4 ring of evasion (left hand)
 I - an amulet of the acrobat (around neck)
 J - an uncursed amulet of magic regeneration
Wands
 q - a wand of polymorph (10)
 u - a wand of random effects (17)
 B - a wand of iceblast (6)
Scrolls
 k - 2 scrolls of enchant weapon {unknown}
 m - 3 scrolls of remove curse {@r2}
 n - 2 scrolls of teleportation {unknown}
 o - 3 scrolls of fog
 t - a scroll of noise {unknown}
 z - a scroll of enchant armour {unknown}
 C - a scroll of blinking {unknown}
 K - 2 scrolls of magic mapping
 M - a scroll of holy word {unknown}
 O - a scroll of immolation
Potions
 c - 2 potions of might
 g - 4 potions of flight
 h - 3 potions of agility
 p - 3 potions of heal wounds
 v - a potion of cancellation {unknown}
 x - 3 potions of haste
 A - a potion of brilliance {unknown}
 E - 4 potions of curing
 G - 2 potions of lignification
 L - 3 potions of ambrosia {unknown}
Comestibles
 e - 11 rations
 r - 4 chunks of flesh


   Skills:
 * Level 10.1 Fighting
 * Level 9.3 Axes
 + Level 6.2 Dodging
 + Level 5.0 Shields


You had 9 spell levels left.
You didn't know any spells.
Your spell library was empty.

Dungeon Overview and Level Annotations

Branches:
Dungeon (8/15)             Temple (0/1) D:4
   Lair: D:8-11

Altars:
Ashenzari
Hepliaklqana
Makhleb
Nemelex Xobeh
Okawaru
Trog
The Shining One

Shops:
D:5 (   D:7 [(!?   D:8 [[

Annotations:
D:8 Gastronok


Innate Abilities, Weirdness & Mutations

You can breathe blasts of noxious fumes.
Your lurid green scales are hard. (AC +7)
You cannot fit into any form of body armour.
Your system is resistant to poisons. (rPois)
You are cold-blooded and may be slowed by cold attacks.


Message History

The ogre is severely wounded.
The ogre completely misses you.
You slash the ogre!
You kill the ogre!
Trog accepts your kill.
Your Shields skill increases to level 5!
Things that are here:
a +0 giant club; an ogre corpse You see here a howler monkey skeleton.
There isn't anything to butcher here.
Things that are here:
a +0 giant club; an ogre corpse You butcher the ogre corpse.
r - 5 chunks of flesh
Things that are here:
a +0 giant club; an ogre skeleton Eating one of 5 chunks of flesh.
You eat one of the 5 chunks of flesh.
This raw flesh tastes terrible.
A bullfrog comes into view.
A bullfrog is nearby!
A bullfrog is nearby!
The bullfrog gives a loud, deep croak!
You hear an angry buzzing noise.
The bullfrog completely misses you.
You hit the bullfrog. You tail-slap the bullfrog.
The bullfrog is moderately wounded.
The bullfrog hits you.
You closely miss the bullfrog.
Your tail-slap misses the bullfrog.
The bullfrog is moderately wounded.
The bullfrog closely misses you.
You hit the bullfrog but do no damage.
The bullfrog is moderately wounded.
The bullfrog hits you.
The bullfrog hits you but does no damage.
You hit the bullfrog.
The bullfrog is heavily wounded.
The bullfrog hits you.
You are too injured to fight recklessly!
You are too injured to fight recklessly!
You are too injured to fight recklessly!
You are too injured to fight recklessly!
You are too injured to fight recklessly!
You are too injured to fight recklessly!
You are too injured to fight recklessly!
You are too injured to fight recklessly!
You are too injured to fight recklessly!
You are too injured to fight recklessly!
You are too injured to fight recklessly!
You are too injured to fight recklessly!
You are too injured to fight recklessly!
You are too injured to fight recklessly!
You are too injured to fight recklessly!
You are too injured to fight recklessly!
You are too injured to fight recklessly!
You are too injured to fight recklessly!
You barely miss the bullfrog.
The bullfrog is heavily wounded.
The bullfrog misses you.
You slash the bullfrog!
You kill the bullfrog!
Trog accepts your kill.
Things that are here:
a +0 giant club; an ogre skeleton You see here a howler monkey skeleton.
There is a stone staircase leading up here.
Gastronok the Ponderous comes into view.
He is wearing a +1 hat of magic resistance.
Press: ? - help, Shift-Dir - straight line, f - Gastronok
Aim: Gastronok, wearing a +1 hat of magic resistance (hasn't noticed you)
You exhale a blast of noxious fumes.
The blast of choking fumes hits Gastronok.
Gastronok is lightly wounded.
Gastronok gurgles horribly!
You feel somewhat more hungry.
Gastronok is engulfed in noxious fumes.
Gastronok waves his eye-stalks in wide circles.
The air twists around and strikes you!!
* * * LOW HITPOINT WARNING * * *
There is a stone staircase leading up here.
Unknown command.
Gastronok is engulfed in noxious fumes.
Gastronok waves his eye-stalks in wide circles.
The air twists around and strikes you!!
* * * LOW HITPOINT WARNING * * *
You climb upwards.
There is a stone staircase leading down here.
A hornet zombie comes into view.
A red film seems to cover your vision as you go berserk!
You feel yourself moving faster!
You feel mighty!
You are feeling hungry.
The hornet zombie misses you.
You slash the hornet zombie!
Your tail-slap misses the hornet zombie.
The hornet zombie is moderately damaged.
The hornet zombie misses you.
You slash the hornet zombie!
The hornet zombie is heavily damaged.
You barely miss the hornet zombie.
The hornet zombie is heavily damaged.
You have got your breath back.
The hornet zombie hits you!
You die...

.......####.# #.# ).........#.#
#.############## ...#.#....#.#
#............... .....#....#.##
#######.########
...#.........###########.## #
............:.............# #
..#.#........#####.#####..# #
#..###....#.######.#####..# #
..## ##........>@Z........#
...###....########.######.#
.##.#.##.## #.# #.##
.##..###.##### #.# #..#
.##..#.......# #.# ##.######
.....#.##.##.# #.######.......#
.##.##.##.##.#####....)...#####.#
.##.##.........))).######.# #.#
###.##..#.##.#####.......># #ยงยง


You could see a hornet zombie.

Vanquished Creatures
  A troll (D:6)
  A hippogriff (D:4)
  Sigmund (D:4)
  A yak (D:7)
  3 hogs (D:7)
  A human (D:7)
  A hungry ghost (D:8)
  An acid dragon (D:7)
  Duvessa (D:5)
  2 black bears (D:7)
  2 orc warriors (D:6)
  2 ice beasts
  2 sky beasts
  6 ogres
  4 centaurs
  A big kobold (D:6)
  3 bullfrogs
  2 scorpions
  Dowan (D:5)
  A killer bee (D:7)
  2 howler monkeys (D:8)
  2 crimson imps
  2 centaur skeletons
  A hound (D:5)
  An orc priest (D:7)
  2 orc wizards
  Jessica (D:3)
  An iguana (D:4)
  3 worker ants
  Terence (D:3)
  2 hound skeletons
  3 worker ant zombies
  9 adders
  A shadow imp (D:6)
  An ooze (D:1)
  2 adder skeletons
  A worm (D:2)
  A leopard gecko (D:4)
  20 orcs
  3 giant cockroaches
  7 goblins
  6 hobgoblins
  6 jackals
  A quokka (D:6)
  2 ball pythons (D:3)
  8 bats
  2 frilled lizards
  2 jackal zombies
  9 kobolds
  2 quokka skeletons (D:4)
  9 rats
150 creatures vanquished.

Vanquished Creatures (others)
  A plant (D:8)
1 creature vanquished.

Grand Total: 151 creatures vanquished

Notes
Turn   | Place    | Note
-------+----------+-------------------------------------------
     0 | D:1      | MisterOstroum the Draconian Berserker began the quest for
                  | the Orb.
     0 | D:1      | Reached XP level 1. HP: 19/19 MP: 1/1
   302 | D:1      | Reached XP level 2. HP: 23/26 MP: 2/2
  1071 | D:2      | Found a sparkling altar of Nemelex Xobeh.
  1078 | D:2      | Reached ** piety under Trog
  1153 | D:2      | Reached XP level 3. HP: 32/33 MP: 3/3
  1205 | D:2      | Reached skill level 4 in Fighting
  1976 | D:3      | Noticed Jessica
  1992 | D:3      | Killed Jessica
  1992 | D:3      | Reached XP level 4. HP: 41/41 MP: 4/4
  2073 | D:3      | Noticed Terence
  2080 | D:3      | Killed Terence
  2380 | D:3      | Reached XP level 5. HP: 24/47 MP: 5/5
  2710 | D:3      | Noticed a centaur
  2720 | D:3      | Killed a centaur
  2720 | D:3      | Reached skill level 5 in Fighting
  3156 | D:4      | Noticed a hippogriff
  3163 | D:4      | Killed a hippogriff
  3163 | D:4      | Reached skill level 5 in Axes
  3163 | D:4      | Reached XP level 6. HP: 31/57 MP: 6/6
  3392 | D:4      | Reached skill level 6 in Fighting
  3392 | D:4      | Your scales start taking on a lurid green colour.
  3392 | D:4      | Reached XP level 7. HP: 63/63 MP: 7/7
  3392 | D:4      | Gained mutation: Your system is resistant to poisons.
                  | (rPois) [Green Draconian growth]
  3438 | D:4      | Found a staircase to the Ecumenical Temple.
  3600 | D:4      | Reached skill level 1 in Shields
  3674 | D:4      | Noticed Sigmund
  3683 | D:4      | Killed Sigmund
  3773 | D:4      | Reached *** piety under Trog
  3839 | D:4      | Reached skill level 7 in Fighting
  3839 | D:4      | Reached XP level 8. HP: 72/73 MP: 8/8
  4369 | D:5      | Entered Level 5 of the Dungeon
  4515 | D:5      | Noticed Duvessa
  4515 | D:5      | Noticed Dowan
  4525 | D:5      | Killed Dowan
  4534 | D:5      | Killed Duvessa
  4778 | D:5      | Found Lecrisai's Weapon Emporium.
  4805 | D:5      | Bought a cursed -2 broad axe for 1 gold piece
  5045 | D:5      | Found a glowing golden altar of the Shining One.
  5291 | D:6      | Found a burning altar of Makhleb.
  5296 | D:6      | Found a shattered altar of Ashenzari.
  5308 | D:6      | Reached skill level 5 in Dodging
  5317 | D:6      | Found a bloodstained altar of Trog.
  5566 | D:6      | Noticed a troll
  5574 | D:6      | Killed a troll
  5574 | D:6      | Reached skill level 8 in Fighting
  5887 | D:6      | Reached XP level 9. HP: 70/82 MP: 9/9
  5980 | D:6      | Found an iron altar of Okawaru.
  6343 | D:7      | Found Niur's Antique Weapon Shoppe.
  6759 | D:7      | Reached **** piety under Trog
  6759 | D:7      | Reached skill level 9 in Fighting
  7083 | D:7      | Found Xiskut's Magic Scroll Boutique.
  7090 | D:7      | Bought a scroll of identify for 26 gold pieces
  7090 | D:7      | Bought a scroll of magic mapping for 45 gold pieces
  7090 | D:7      | Bought a scroll of immolation for 45 gold pieces
  7090 | D:7      | Bought a scroll of random uselessness for 13 gold pieces
  7092 | D:7      | Bought a scroll of identify for 26 gold pieces
  7336 | D:7      | Found a hazy altar of Hepliaklqana.
  7399 | D:7      | Found Viahess's Distillery.
  7404 | D:7      | Bought a potion of lignification for 36 gold pieces
  7404 | D:7      | Bought a potion of degeneration for 12 gold pieces
  7495 | D:7      | Found Ehohaxt's Armour Shop.
  7547 | D:8      | Found Ovuc's Antique Armour Shop.
  7605 | D:7      | Reached XP level 10. HP: 61/93 MP: 10/10
  7820 | D:8      | Found Jycvipry's Antique Armour Emporium.
  7850 | D:8      | Reached skill level 10 in Fighting
  7866 | D:8      | Reached skill level 5 in Shields
  7917 | D:8      | Noticed Gastronok
  7921 | D:8      | HP: 2/93 [Gastronok/the air (21)]
  7927 | D:7      | Mangled by a hornet zombie

Levels and vault maps discovered:
D:1:      minmay_arrival_up_and_down, layout_rooms
D:2:      layout_basic, nemelex_xobeh_ov_fountains_minmay
D:3:      layout_rooms, first_ration, uniq_terence, uniq_jessica
D:4:      layout_basic, minmay_temple_entry_poolview, serial_undead,
          serial_undead_b, serial_undead_e, serial_undead_c, serial_undead_b,
          uniq_sigmund
D:5:      layout_cave_pools, lemuel_round_altar, serial_shops, shop,
          serial_column_ruins, column_ruins_hut_water,
          column_ruins_corridor_corner, column_ruins_corridor_straight,
          column_ruins_grid_4, column_ruins_grid_1, uniq_duvessa
D:6:      layout_loops_ring, gammafunk_temple_overflow_forgotten,
          okawaru_trees_2
D:7:      nicolae_whirlpool, layout_loops_ring, basic_altar, serial_shops, shop,
          kennysheep_little_box, shop_statue, kennysheep_mini_moat,
          grunt_livestock
D:8:      layout_loops_ring, lemuel_crystal_altar,
          gammafunk_temple_overflow_wave, serial_shops, shop,
          nicolae_shop_overgrown_old_shop, shop,
          nicolae_shop_overgrown_old_shop, uniq_erica, uniq_gastronok

Skill      XL: |  1  2  3  4  5  6  7  8  9 10 |
---------------+-------------------------------+-----
Dodging        | 3 4 5 6 |  6.2
Fighting       | 4 5 6 7 8 9 10 | 10.1
Axes           | 4 5 6 7 9 |  9.3
Shields        | 2 3 4 5 |  5.0

Action                   |  1- 3 |  4- 6 |  7- 9 | 10-12 || total
-------------------------+-------+-------+-------+-------++-------
Melee: Hand axe          |   110 |    74 |   325 |    57 ||   566
       Tailslap          |    12 |    12 |    55 |     7 ||    86
 Fire: Shortbow          |       |     3 |       |       ||     3
Invok: Berserk           |     2 |     5 |    10 |     1 ||    18
       Trog's Hand       |     1 |       |       |       ||     1
 Abil: Breathe Noxious F |       |       |     6 |     1 ||     7
  Use: Scroll            |       |     3 |     6 |       ||     9
 Stab: Sleeping          |     1 |     1 |     1 |       ||     3
       Confused          |       |       |     6 |       ||     6
  Eat: Chunk             |     4 |     9 |    11 |     2 ||    26
       Ration            |       |       |     4 |     2 ||     6
Armor: Skin              |    26 |    25 |    46 |    11 ||   108
Dodge: Dodged            |    71 |    62 |   243 |    28 ||   404
